 Dungeon Sprint DCSS version 0.30.1-11-g7821555f0a (webtiles) character file.

Game seed: 6640680882948265722

767 Groucho the Geomancer (level 7, -4/54 HPs)
             Began as a Deep Elf Earth Elementalist on Jan 17, 2024.
             Was a Follower of Sif Muna.
             Slain by an unseen horror (5 damage)
             ... in the Dungeon (Sprint IX: "|||||||||||||||||||||||||||||").
             The game lasted 00:02:45 (1006 turns).

Groucho the Geomancer (Deep Elf Earth Elementalist) Turns: 1006, Time: 00:02:45

Health: -4/54      AC:  4    Str:  5    XL:     7   Next: 52%
Magic:  2/22       EV: 14    Int: 22    God:    Sif Muna [*.....]
Gold:   0          SH:  0    Dex: 15    Spells: 21/25 levels left

rFire   . . .        l - +2 rapier (freeze)
rCold   . . .        (no shield)
rNeg    . . .        a - +0 robe
rPois   .            (no helmet)
rElec   .            (no cloak)
rCorr   .            (no gloves)
SInv    .            (no boots)
Will    .....        (no amulet) Stlth
                     n - +2 ring of protection
HPRegen 0.29/turn    o - +2 ring of evasion
MPRegen 0.18/turn

%: no teleportation
@: berserking (expiring), invisible, very quick
A: no striking features
a: Renounce Religion, Channel Magic


You were in the Dungeon.
You worshipped Sif Muna.
Sif Muna was aware of your devotion.
You visited 1 branch

Inventory:

Hand Weapons
 l - a +2 rapier of freezing (weapon)
Missiles
 h - 3 boomerangs
Armour
 a - a +0 robe (worn)
 e - a +0 helmet
 m - a +0 pair of gloves
Jewellery
 n - a +2 ring of protection (left hand)
 o - a +2 ring of evasion (right hand)
Wands
 k - a wand of roots (10)
Scrolls
 g - 2 scrolls of blinking
 j - 2 scrolls of amnesia
Potions
 b - 5 potions of magic
 c - 4 potions of curing
 d - a potion of heal wounds


   Skills:
 + Level 5.2 Short Blades
 - Level 2.4 Dodging
 + Level 7.2 Stealth
 + Level 9.5 Spellcasting
 + Level 7.5 Conjurations
 + Level 5.8 Transmutations
 + Level 9.7 Earth Magic
 + Level 5.5 Invocations


You had 21 spell levels left.
You knew the following spells:

 Your Spells              Type           Power      Damage    Failure   Level
a - Sandblast             Erth           100%       2d20      1%          1
b - Stone Arrow           Conj/Erth      96%        3d13      1%          3

Your spell library contained the following spells:

 Spells                   Type           Power      Damage    Failure   Level
 Passwall                 Tmut/Erth      36%        N/A       1%          2
 Petrify                  Tmut/Erth      44%        N/A       2%          4


Dungeon Overview and Level Annotations

Branches:
Dungeon (1/1)

Altars:
Cheibriados
Dithmenos
Elyvilon
Fedhas
Gozag
Hepliaklqana
Kikubaaqudgha
Makhleb
Nemelex Xobeh
Okawaru
Qazlal
Ru
Sif Muna
Trog
Uskayaw
Vehumet
Wu Jian
Xom
Yredelemnul
Zin
The Shining One
Jiyva
Lugonu


Message History

Something hits you!
Deactivating autopickup; reactivate with Ctrl-A.
Your Stealth skill increases to level 7!
Unknown command.
Unknown command.
You hit something but do no damage. Something hits you!
* * * LOW HITPOINT WARNING * * *
Something hits you!
* * * LOW HITPOINT WARNING * * *
Unknown command.
You feel much better.
Unknown command.
Unknown command.
You barely miss something. Something hits you! Something hits you.
* * * LOW HITPOINT WARNING * * *
You feel much better. Something hits you. Something hits you!
Unknown command.
Unknown command.
A red film seems to cover your vision as you go berserk!
You feel yourself moving faster!
You feel mighty! Something hits you but does no damage. Something hits you.
You puncture something! You freeze something. Something hits you.
Something hits you.
Items here: ))) [[ †.
You miss something. Something hits you!
* * * LOW HITPOINT WARNING * * *
Something barely misses you.
Things that are here:
a +0 mace; a +0 chain mail; an orc corpse You hit something.
You freeze something. Something hits you.
* * * LOW HITPOINT WARNING * * *
You see here a +0 shortbow.
You closely miss something. Something hits you but does no damage.
Something hits you.
* * * LOW HITPOINT WARNING * * *
You hit something. You freeze something. Something hits you.
* * * LOW HITPOINT WARNING * * *
Unknown command.
You hit something. You freeze something. Something hits you.
You die...

▓.▓
▓.▓
▓)▓
▓.▓
▓.▓
▓.▓
▓)▓
▓)▓
▓@▓
▓{▓
▓.▓
▓.▓
▓.▓
▓.▓
▓.▓
▓.▓


There were no monsters in sight!

Vanquished Creatures
  A two-headed ogre (D)
  An orc warrior (D)
  A centaur (D)
  A scorpion (D)
  A jelly (D)
  An orc wizard (D)
  An ufetubus (D)
  An orc (D)
  A hobgoblin (D)
  A quokka (D)
  2 ball pythons (D)
  A frilled lizard (D)
  A rat (D)
14 creatures vanquished.

Vanquished Creatures (others)
  An orc wizard (D)
1 creature vanquished.

Grand Total: 15 creatures vanquished

Notes
Turn   | Place    | Note
-------+----------+-------------------------------------------
     0 | D        | Groucho the Deep Elf Earth Elementalist began the quest for
                  | the Orb.
     0 | D        | Reached XP level 1. HP: 10/10 MP: 6/6
     6 | D        | Reached skill level 1 in Conjurations
   337 | D        | Noticed a jelly
   337 | D        | Noticed a scorpion
   340 | D        | Reached XP level 2. HP: 15/15 MP: 6/9
   342 | D        | Reached skill level 5 in Spellcasting
   342 | D        | Reached XP level 3. HP: 19/19 MP: 4/11
   436 | D        | Learned a level 3 spell: Stone Arrow
   438 | D        | Killed a scorpion
   439 | D        | Reached XP level 4. HP: 24/24 MP: 5/14
   913 | D        | Found a snail-covered altar of Cheibriados.
   913 | D        | Found a shadowy altar of Dithmenos.
   913 | D        | Found a white marble altar of Elyvilon.
   913 | D        | Found a blossoming altar of Fedhas.
   913 | D        | Found an opulent altar of Gozag.
   914 | D        | Found a hazy altar of Hepliaklqana.
   915 | D        | Found a viscous altar of Jiyva.
   916 | D        | Found an ancient bone altar of Kikubaaqudgha.
   917 | D        | Found a corrupted altar of Lugonu.
   918 | D        | Found a burning altar of Makhleb.
   919 | D        | Found a sparkling altar of Nemelex Xobeh.
   920 | D        | Found an iron altar of Okawaru.
   921 | D        | Found a stormy altar of Qazlal.
   922 | D        | Found a sacrificial altar of Ru.
   923 | D        | Found a shimmering blue altar of Sif Muna.
   924 | D        | Found a bloodstained altar of Trog.
   925 | D        | Found a hide-covered altar of Uskayaw.
   926 | D        | Found a radiant altar of Vehumet.
   927 | D        | Found an ornate altar of the Wu Jian Council.
   928 | D        | Found a shimmering altar of Xom.
   929 | D        | Found a basalt altar of Yredelemnul.
   930 | D        | Found a glowing silver altar of Zin.
   931 | D        | Became a worshipper of Sif Muna the Loreminder
   932 | D        | Found a glowing golden altar of the Shining One.
   972 | D        | Noticed a two-headed ogre
   972 | D        | Noticed a centaur
   972 | D        | Noticed an orc warrior
   977 | D        | Reached skill level 1 in Short Blades
   977 | D        | Reached skill level 1 in Invocations
   985 | D        | Killed a two-headed ogre
   986 | D        | Reached skill level 5 in Transmutations
   986 | D        | Reached skill level 5 in Invocations
   986 | D        | Reached XP level 5. HP: 13/28 MP: 11/18
   986 | D        | Reached XP level 6. HP: 15/32 MP: 12/20
   986 | D        | Reached XP level 7. HP: 16/36 MP: 12/21
   989 | D        | Reached * piety under Sif Muna
   990 | D        | Reached skill level 5 in Short Blades
  1004 | D        | HP: 1/54 [something (5)]
  1006 | D        | Slain by an unseen horror

Illustrated notes

Levels and vault maps discovered:
D:        linesprint [early_d, line_temple, items_1, d_10, items_2, lair_1,
          lair_end, items_3, orc_1, orc_end, items_4, d_15, swamp_1, shoals_1,
          snake_1, spider_1, d_20, vaults_1, items_5, swamp_end, shoals_end,
          snake_end, spider_end, vaults_end, d_27, items_6, zot_1, zot_end,
          crypt_end, forest_end, elf_end, slime_end, tomb_end, abyss_end,
          pan_hell_end]

Skill      XL: |  1  2  3  4  5  6  7 |
---------------+----------------------+-----
Conjurations   | 2 3 4 7 |  7.5
Earth Magic    | 4 6 7 9 |  9.7
Spellcasting   | 4 5 6 9 |  9.5
Short Blades   | 4 5 |  5.2
Invocations    | 5 |  5.5
Stealth        | 6 7 |  7.2
Transmutations | 5 |  5.8
Dodging        | |  2.4

Action                     |  1- 3 |  4- 6 |  7- 9 || total
---------------------------+-------+-------+-------++-------
  Melee: Rapier            |       |     4 |     8 ||    12
   Cast: Sandblast         |    12 |     5 |     1 ||    18
         Stone Arrow       |     2 |     1 |     4 ||     7
    Use: Potion            |     1 |     1 |     4 ||     6
 Armour: Robe              |     1 |       |     2 ||     3
  Dodge: Dodged            |     9 |     3 |     3 ||    15
